 Dungeon Crawl Stone Soup version 0.28-b1-1-g3c77fb2ed1 (webtiles) character file.

Game seed: 12880445168001135631

49 DildoBatman the Conjurer (level 4, 0/29 (30) HPs)
             Began as a Formicid Conjurer on Jan 28, 2022.
             Slain by a kobold (1 damage)
             ... on level 2 of the Dungeon.
             The game lasted 00:03:33 (1556 turns).

DildoBatman the Conjurer (Formicid Conjurer)        Turns: 1556, Time: 00:03:34

HP:   0/29 (30)     AC:  2    Str: 12    XL:     4   Next: 1%
MP:   4/7           EV: 12    Int: 17    God:
Gold: 99            SH:  0    Dex: 11    Spells: 4/7 levels left

rFire   . . .      SeeInvis +   g - +0 mace
rCold   . . .      Faith    .   (no shield)
rNeg    . . .      Spirit   .   a - +0 robe
rPois   .          Reflect  .   (helmet unavailable)
rElec   .          Harm     .   (no cloak)
rCorr   .          Rampage  .   (no gloves)
Will    .....                   (no boots)
Stlth   ++........              (no amulet)
HPRegen 0.09/turn               (no ring)
MPRegen 0.10/turn               (no ring)

@: lightly drained
A: permanent stasis, dig shafts and tunnels, antennae 3, four strong arms
a: Dig, Shaft Self


You were on level 2 of the Dungeon.
You visited 1 branch of the dungeon, and saw 2 of its levels.

You collected 99 gold pieces.

Inventory:

Hand Weapons
 b - a +0 short sword
 g - a +0 mace (weapon)
Missiles
 c - 11 poisoned darts
 e - 26 stones
 j - 11 arrows
Armour
 a - a +0 robe (worn)
Scrolls
 d - a scroll of blinking {unknown}
 h - a scroll of teleportation {unknown}
Potions
 f - a potion of mutation {unknown}
 i - a potion of heal wounds {unknown}


   Skills:
 - Level 1.7 Dodging
 - Level 2.4 Stealth
 - Level 2.1 Spellcasting
 * Level 4.8 Conjurations


You had 4 spell levels left.
You knew the following spells:

 Your Spells              Type           Power      Damage    Failure   Level
a - Searing Ray           Conj           36%        2d5       3%          2
c - Magic Dart            Conj           72%        1d6       2%          1

Your spell library contained the following spells:

 Spells                   Type           Power      Damage    Failure   Level
 Dazzling Flash           Conj/Hex       20%        N/A       22%         3
 Fulminant Prism          Conj/Hex       5%         3d7       56%         4
 Iskenderun's Mystic Bla  Conj/Tloc      10%        2d4       56%         4
 Freezing Cloud           Conj/Ice/Air   3%         6-21      95%         5
 Simulacrum               Ice/Necr       0%         N/A       100%        6
 Polar Vortex             Ice            0%         N/A       100%        9


Dungeon Overview and Level Annotations

Branches:
Dungeon (2/15)

Altars:

Shops:
D:1 =


Innate Abilities, Weirdness & Mutations

You cannot be hasted, slowed, berserked, paralysed or teleported.
You can dig through walls and to a lower floor.
You have a pair of large antennae on your head. (SInv)
Your four strong arms can wield two-handed weapons with a shield.


Message History

You shout for attention!
The hobgoblin misses you. The kobold hits you with a +0 dagger.
What are your orders? t - Shout!
Orders for allies: a - Attack new target. r - Retreat! s - Stop attacking. g - Guard the area. f - Follow me.
Anything else - Cancel.
You shout for attention!
The hobgoblin hits you. The kobold hits you with a +0 dagger.
What are your orders? t - Shout!
Orders for allies: a - Attack new target. r - Retreat! s - Stop attacking. g - Guard the area. f - Follow me.
Anything else - Cancel.
You shout for attention!
The hobgoblin hits you. The kobold closely misses you.
What are your orders? t - Shout!
Orders for allies: a - Attack new target. r - Retreat! s - Stop attacking. g - Guard the area. f - Follow me.
Anything else - Cancel.
You shout for attention!
The hobgoblin hits you. The kobold hits you with a +0 dagger.
What are your orders? t - Shout!
Orders for allies: a - Attack new target. r - Retreat! s - Stop attacking. g - Guard the area. f - Follow me.
Anything else - Cancel.
You shout for attention!
The hobgoblin misses you. The kobold hits you with a +0 dagger.
You die...

... .##
#...........#. .
##?............
. ............#
. #.........#
#.......#
..#.... #.##...#
#..(†@.##
#...##Kg.# ...
#J#.## # #w#..#
#.##.###
...#...# ..
...###.#####...#
....# #.......#
#.
....###...#####
#.


You could see a worm, an endoplasm, a hobgoblin and a kobold.

Vanquished Creatures
  An adder (D:2)
  6 bats (D:1)
  2 endoplasms (D:1)
  4 giant cockroaches (D:1)
  2 goblins (D:1)
  4 hobgoblins (D:1)
  5 kobolds (D:1)
  2 quokkas (D:1)
  4 ball pythons (D:1)
  2 frilled lizards (D:1)
  6 rats
38 creatures vanquished.

Notes
Turn   | Place    | Note
-------+----------+-------------------------------------------
     0 | D:1      | DildoBatman the Formicid Conjurer began the quest for the
                  | Orb.
     0 | D:1      | Reached XP level 1. HP: 13/13 MP: 3/3
   244 | D:1      | Reached skill level 4 in Conjurations
   244 | D:1      | Reached XP level 2. HP: 15/19 MP: 3/5
   247 | D:1      | Learned a level 2 spell: Searing Ray
   539 | D:1      | Reached XP level 3. HP: 5/24 MP: 2/6
   768 | D:1      | Found Suxy's One-of-a-Kind Rings.
  1538 | D:2      | Reached XP level 4. HP: 28/29 MP: 2/7
  1555 | D:2      | HP: 1/29 [kobold (3)]
  1556 | D:2      | Slain by a kobold

Illustrated notes

Levels and vault maps discovered:
D:1:      evilmike_arrival_hilbert_curve, layout_basic,
          nicolae_shop_unique_rings, st_stairs_11
D:2:      layout_rooms

Skill      XL: |  1 |
---------------+----+-----
Conjurations   | 4 |  4.8
Dodging        | |  1.7
Stealth        | |  2.4
Spellcasting   | |  2.1

Action                   |  1- 3 |  4- 6 || total
-------------------------+-------+-------++-------
Melee: Short sword       |    10 |       ||    10
       Mace              |    12 |       ||    12
 Cast: Magic Dart        |    46 |       ||    46
       Searing Ray       |    12 |       ||    12
 Abil: Dig               |     2 |       ||     2
Armor: Robe              |    22 |     1 ||    23
Dodge: Dodged            |    27 |    11 ||    38
